asmodeus, neutral female scurrid Tourist --- |.@. |QQ. |.Q asmodeus the Rambler Experience level: 1 Strength: 10 Dexterity: 13 Constitution: 14 Intelligence: 13 Wisdom: 7 Charisma: 18 Health: 0(9) Energy: 2(2) Def: 0 Gold: 265 Moves: 54 Dungeon seed: 0n9Dgk-p2sqFOaJx Game ID: asmodeus_1498722564 Your Inventory: Coins $ - 265 gold pieces Weapons a - 44 uncursed +2 darts (in quiver) Armor e - an uncursed +0 Hawaiian shirt (being worn) Comestibles b - 5 uncursed food rations c - an uncursed tin of newt meat d - an uncursed cram ration f - 2 uncursed cream pies g - an uncursed fortune cookie h - 3 uncursed tripe rations Scrolls j - 5 uncursed scrolls of magic mapping q - a blessed scroll of charging s - an uncursed scroll of identify Potions i - 2 blessed potions of extra healing Wands m - an uncursed wand of secret door detection (0:12) r - an uncursed wand of striking (0:6) Tools k - an uncursed expensive camera (0:86) l - an uncursed credit card n - an uncursed leash Spells and supernatural/magical abilities: Name Level Category Fail Memory W - pray for help -- divine ? -- Your skills at the end: Miscellaneous Skills wands [Basic] Weapon Skills dart [Basic] Spellcasting Skills Final Attributes: You were devoutly aligned. You had infravision. You were very stealthy. You are dead. Vanquished creatures: a hobgoblin a kobold zombie 2 creatures vanquished. Voluntary challenges: You went without food. You did not adorn yourself with jewelry or accessories. You did not cause conflict. You were not invisible. You did not have reflection. You were not displaced. You were an atheist. You never hit with a wielded weapon. You did not use tools. You did not use plumbed fixtures. You did not drink any magical draughts. You were illiterate. You never genocided any monsters. You never polymorphed an object. You never changed form. You used no wishes. You never split a pudding. You never wrote Elbereth's name. You never violated your personal moral code. Dungeon overview: The Dungeons of Doom: levels 1 to 15 Level 1 a long staircase Level 2 Level 3 Level 4 Level 5 Level 6 Level 7 Level 8 Level 9 Level 10 Level 11 Level 12 Level 13 Level 14 many fountains Level 15 <- You were here History has recorded: On T:1 you entered the Dungeons of Doom to retrieve the Amulet of Yendor! On T:6 you reached level 2 of The Dungeons of Doom. On T:8 you reached level 3 of The Dungeons of Doom. On T:10 you reached level 4 of The Dungeons of Doom. On T:13 you reached level 5 of The Dungeons of Doom. On T:15 you reached level 6 of The Dungeons of Doom. On T:17 you reached level 7 of The Dungeons of Doom. On T:31 you reached level 8 of The Dungeons of Doom. On T:37 you reached level 9 of The Dungeons of Doom. On T:39 you reached level 10 of The Dungeons of Doom. On T:42 you reached level 11 of The Dungeons of Doom. On T:44 you reached level 12 of The Dungeons of Doom. On T:47 you reached level 13 of The Dungeons of Doom. On T:49 you reached level 14 of The Dungeons of Doom. On T:52 you reached level 15 of The Dungeons of Doom. On T:52 you entered the Rogue tribute level. Score breakdown: Gold: 261 ( 26 points) Experience: 1 level ( 0 points) Exploration: 15 levels ( 420 points) Discoveries: 3 items ( 150 points) Variety of kills: 2 monsters ( 100 points) Major goal: (nothing yet) ( 0 points) Survival: died (score multiplied by 3) Total score: 2088 Latest messages: You continue digging downward. You dig a pit in the floor. You continue digging downward. You dig a hole through the floor. You fall through... You receive a faint telepathic message from Twoflower: Your help is urgently needed at Ankh-Morpork! Look for a ...ic transporter. You couldn't quite make out that last message. You start digging downward. You continue digging downward. You dig a pit in the floor. You continue digging downward. You dig a hole through the floor. You fall through... You enter what seems to be an older, more primitive world. The Grey-elf punches you! You start digging downward. You continue digging downward. You dig a pit in the floor. The Grey-elf punches you! You die... Final status: Aloha asmodeus the Tourist, killed by a Grey-elf... You died in The Dungeons of Doom on dungeon level 15 with 2088 points, and 265 pieces of gold, after 54 moves. You were level 1 with a maximum of 9 hit points when you died.